MLB
MINNESOTA TWINS @ CLEVELAND GUARDIANS
04/23/2098
 
TOP OF THE 1ST
Minnesota Twins batting - Pitching for Cleveland Guardians : RHP Miguel Vera
Pitching: RHP Miguel Vera
Batting: SHB Dan Mayes 0-0: Ball
1-0: Called Strike
1-1: Ball
2-1: Foul Ball, location: 3SF
2-2: Ball
3-2: Base on Balls
Batting: SHB Jim Whitlock 0-0: Called Strike
0-1: SINGLE (Groundball, 34D, EV 106.3 MPH)
Dan Mayes to second
Runner from 2nd tries for 3rd, SAFE, throw by RF made to third
Batting: SHB William Maki 0-0: Ball
1-0: Called Strike
Jim Whitlock steals 2nd base
1-1: Ball
2-1: Ball
3-1: Foul Ball, location: 25F
3-2: Fly out, F8 (Flyball, 78D, EV 107.5 MPH)
Runner from 3rd tags up, SCORES, no throw by CF
Batting: RHB Bill Widby 0-0: 2-RUN HOME RUN (Flyball, 78XD, EV 110.6 MPH), Distance : 428 ft
Batting: LHB Emilio Gonzales 0-0: Ball
1-0: SOLO HOME RUN (Flyball, 7D, EV 95.0 MPH), Distance : 386 ft
Batting: RHB Joe Looby 0-0: Called Strike
0-1: Called Strike
0-2: Foul Ball, location: 2F
0-2: Ball
1-2: Fly out, F8 (Flyball, 8RD, EV 88.8 MPH)
Batting: RHB Greg Schuler 0-0: Fly out, F6 (Popup, 6D, EV 50.6 MPH)
Top of the 1st over - 4 runs, 3 hits, 0 errors, 0 left on base; Minnesota 4 - Cleveland 0
BOTTOM OF THE 1ST
Cleveland Guardians batting - Pitching for Minnesota Twins : LHP Jon Meger
Pitching: LHP Jon Meger
Batting: RHB Chase Calhoun 0-0: Ground out 6-3 (Groundball, 56, EV 101.3 MPH)
Batting: LHB Matt Cleary 0-0: SINGLE (Groundball, 6MD, EV 99.4 MPH)
Batting: RHB Barry Nicholson 0-0: Called Strike
0-1: Grounds into double play, 6-4-3 (Groundball, 6, EV 86.3 MPH)
Bottom of the 1st over - 0 runs, 1 hit, 0 errors, 0 left on base; Minnesota 4 - Cleveland 0
TOP OF THE 2ND
Minnesota Twins batting - Pitching for Cleveland Guardians : RHP Miguel Vera
Batting: LHB Chris Armstrong 0-0: Ball
1-0: Swinging Strike
1-1: Swinging Strike
1-2: Strikes out swinging
Batting: RHB Jim Bartle 0-0: Called Strike
0-1: Ball
1-1: Ball
2-1: Ball
3-1: Ground out 5-3 (Groundball, 56S, EV 85.0 MPH)
Batting: SHB Dan Mayes 0-0: Called Strike
0-1: Ball
1-1: Swinging Strike
1-2: Strikes out swinging
Top of the 2nd over - 0 runs, 0 hits, 0 errors, 0 left on base; Minnesota 4 - Cleveland 0
BOTTOM OF THE 2ND
Cleveland Guardians batting - Pitching for Minnesota Twins : LHP Jon Meger
Batting: LHB Jonathan Setzler 0-0: Ball
1-0: Called Strike
1-1: Ball
2-1: Ball
3-1: Foul Ball, location: 7LMF
3-2: Strikes out swinging
Batting: RHB Jimmy Murphey 0-0: Swinging Strike
0-1: Swinging Strike
0-2: Foul Ball, location: 2F
0-2: Foul Ball, location: 25FF
0-2: Ball
1-2: Strikes out looking
Batting: RHB Ciro Visconti 0-0: Swinging Strike
0-1: Swinging Strike
0-2: Ball
1-2: Foul Ball, location: 9LDF
1-2: Strikes out swinging
Bottom of the 2nd over - 0 runs, 0 hits, 0 errors, 0 left on base; Minnesota 4 - Cleveland 0
TOP OF THE 3RD
Minnesota Twins batting - Pitching for Cleveland Guardians : RHP Miguel Vera
Batting: SHB Jim Whitlock 0-0: Ball
1-0: Called Strike
1-1: Foul Ball, location: 2F
1-2: Strikes out swinging
Batting: SHB William Maki 0-0: Called Strike
0-1: Ball
1-1: Ball
2-1: Foul Ball, location: 2LF
2-2: Fly out, F9 (Flyball, 9D, EV 110.0 MPH)
Batting: RHB Bill Widby 0-0: Called Strike
0-1: Foul Ball, location: 2F
0-2: Ball
1-2: Foul Ball, location: 9LDF
1-2: Ball
2-2: Strikes out looking
Top of the 3rd over - 0 runs, 0 hits, 0 errors, 0 left on base; Minnesota 4 - Cleveland 0
BOTTOM OF THE 3RD
Cleveland Guardians batting - Pitching for Minnesota Twins : LHP Jon Meger
Batting: RHB Bill Meller 0-0: Swinging Strike
0-1: SINGLE (Groundball, 5S, EV 67.5 MPH) (infield hit)
Batting: RHB Chris Goacher 0-0: Ball
1-0: Foul Ball, location: 2F
1-1: DOUBLE (Groundball, 5L, EV 103.1 MPH)
Bill Meller to third
Batting: RHB Jesse Hansen 0-0: Foul Ball, location: 2F
0-1: Foul Ball, location: 9LMF
0-2: Foul Ball, location: 5DF
0-2: Foul Ball, location: 7LDF
0-2: Ball
1-2: Strikes out looking
Batting: RHB Chase Calhoun 0-0: Ball
1-0: Fly out, F7 (Flyball, 78S, EV 83.1 MPH)
Batting: LHB Matt Cleary 0-0: Fly out, F4 (Popup, 4MD, EV 51.3 MPH)
Bottom of the 3rd over - 0 runs, 2 hits, 0 errors, 2 left on base; Minnesota 4 - Cleveland 0
TOP OF THE 4TH
Minnesota Twins batting - Pitching for Cleveland Guardians : RHP Miguel Vera
Batting: LHB Emilio Gonzales 0-0: Called Strike
0-1: Ball
1-1: Ball
2-1: Foul Ball, location: 3SF
2-2: Ball
3-2: DOUBLE (Line Drive, 89XD, EV 103.1 MPH) - OUT at third base trying to stretch hit.
Batting: RHB Joe Looby 0-0: Ball
1-0: Foul Ball, location: 2F
1-1: Called Strike
1-2: DOUBLE (Line Drive, 89M, EV 86.3 MPH)
Batting: RHB Greg Schuler 0-0: Ball
1-0: Called Strike
1-1: Ball
2-1: DOUBLE (Flyball, 78XD, EV 108.8 MPH)
Joe Looby scores
Pitching: RHP Adam Bolle
Batting: LHB Chris Armstrong 0-0: Ball
1-0: Ball
2-0: Called Strike
2-1: DOUBLE (Flyball, 78XD, EV 91.9 MPH)
Greg Schuler scores
Batting: RHB Jim Bartle 0-0: Ball
1-0: Called Strike
1-1: Swinging Strike
1-2: Ground out U3 (Groundball, 34, EV 91.9 MPH)
Chris Armstrong to third
Batting: SHB Dan Mayes 0-0: Ball
1-0: Foul Ball, location: 25FF
1-1: Swinging Strike
1-2: Ball
2-2: Strikes out swinging
Top of the 4th over - 2 runs, 4 hits, 0 errors, 1 left on base; Minnesota 6 - Cleveland 0
BOTTOM OF THE 4TH
Cleveland Guardians batting - Pitching for Minnesota Twins : LHP Jon Meger
Batting: RHB Barry Nicholson 0-0: Ball
1-0: Swinging Strike
1-1: Ball
2-1: Called Strike
2-2: Ball
3-2: Strikes out looking
Batting: LHB Jonathan Setzler 0-0: Foul Ball, location: 2F
0-1: SINGLE (Line Drive, 89M, EV 95.0 MPH)
Batting: RHB Jimmy Murphey 0-0: Ball
1-0: Called Strike
1-1: Ball
2-1: Grounds into double play, 6-4-3 (Groundball, 6, EV 82.5 MPH)
Bottom of the 4th over - 0 runs, 1 hit, 0 errors, 0 left on base; Minnesota 6 - Cleveland 0
TOP OF THE 5TH
Minnesota Twins batting - Pitching for Cleveland Guardians : RHP Adam Bolle
Batting: SHB Jim Whitlock 0-0: Called Strike
0-1: Ball
1-1: Ball
2-1: Called Strike
2-2: Fly out, F3 (Line Drive, 3L, EV 68.8 MPH)
Batting: SHB William Maki 0-0: Ball
1-0: Ball
2-0: Foul Ball, location: 25F
2-1: Foul Ball, location: 7LMF
2-2: Ball
3-2: Base on Balls
Batting: RHB Bill Widby 0-0: Ball
1-0: Called Strike
1-1: Swinging Strike
1-2: Strikes out swinging
Batting: LHB Emilio Gonzales 0-0: Ball
1-0: SINGLE (Line Drive, 34D, EV 101.9 MPH)
William Maki to second
Runner from 2nd tries for 3rd, SAFE, throw by RF made to third
Batting: RHB Joe Looby 0-0: Fly out, F9 (Flyball, 9, EV 85.0 MPH)
Top of the 5th over - 0 runs, 1 hit, 0 errors, 2 left on base; Minnesota 6 - Cleveland 0
BOTTOM OF THE 5TH
Cleveland Guardians batting - Pitching for Minnesota Twins : LHP Jon Meger
Batting: RHB Ciro Visconti 0-0: Called Strike
0-1: Ball
1-1: Swinging Strike
1-2: Foul Ball, location: 2F
1-2: Fly out, F9 (Flyball, 89S, EV 90.6 MPH)
Batting: RHB Bill Meller 0-0: Called Strike
0-1: Ball
1-1: Foul Ball, location: 2F
1-2: Strikes out swinging
Batting: RHB Chris Goacher 0-0: Called Strike
0-1: Called Strike
0-2: Fly out, F2 (Popup, 3SF, EV 74.4 MPH)
Bottom of the 5th over - 0 runs, 0 hits, 0 errors, 0 left on base; Minnesota 6 - Cleveland 0
TOP OF THE 6TH
Minnesota Twins batting - Pitching for Cleveland Guardians : RHP Adam Bolle
Batting: RHB Greg Schuler 0-0: Ball
1-0: Fly out, F9 (Line Drive, 9S, EV 105.0 MPH)
Batting: LHB Chris Armstrong 0-0: Ball
1-0: Fly out, F9 (Flyball, 9S, EV 93.1 MPH)
Batting: RHB Jim Bartle 0-0: Ground out 6-3 (Groundball, 6, EV 103.8 MPH)
Top of the 6th over - 0 runs, 0 hits, 0 errors, 0 left on base; Minnesota 6 - Cleveland 0
BOTTOM OF THE 6TH
Cleveland Guardians batting - Pitching for Minnesota Twins : LHP Jon Meger
Batting: RHB Jesse Hansen 0-0: Ball
1-0: Swinging Strike
1-1: Ball
2-1: Ground out 5-3 (Groundball, 56, EV 85.6 MPH)
Batting: RHB Chase Calhoun 0-0: Ball
1-0: Ball
2-0: Ball
3-0: Called Strike
3-1: SINGLE (Line Drive, 56D, EV 95.0 MPH)
Batting: LHB Matt Cleary 0-0: Ball
1-0: Called Strike
Chase Calhoun steals 2nd base (no throw)
1-1: Swinging Strike
1-2: Strikes out swinging
Batting: RHB Barry Nicholson 0-0: Called Strike
0-1: Ball
1-1: Ball
2-1: Ground out 3-1 (Groundball, 34, EV 96.3 MPH)
Bottom of the 6th over - 0 runs, 1 hit, 0 errors, 1 left on base; Minnesota 6 - Cleveland 0
TOP OF THE 7TH
Minnesota Twins batting - Pitching for Cleveland Guardians : RHP Adam Bolle
Batting: SHB Dan Mayes 0-0: SINGLE (Groundball, 34D, EV 106.9 MPH)
Batting: SHB Jim Whitlock 0-0: SINGLE (Groundball, 34D, EV 108.1 MPH)
Dan Mayes to second
Runner from 2nd tries for 3rd, SAFE, throw by RF made to third
Batting: SHB William Maki 0-0: Called Strike
0-1: DOUBLE (Flyball, 89D, EV 91.9 MPH)
Dan Mayes scores
Jim Whitlock to third
Pitching: LHP Art Tesar
Batting: RHB Bill Widby 0-0: Ball
1-0: Swinging Strike
1-1: Ball
2-1: Called Strike
2-2: Strikes out swinging
Pinch Hitting: RHB Rogelio Rivera 0-0: Ground out 4-3 (Groundball, 4S, EV 86.9 MPH)
Jim Whitlock scores
William Maki to third
Batting: RHB Joe Looby 0-0: Called Strike
0-1: Ball
1-1: Ball
2-1: Foul Ball, location: 7LSF
2-2: Foul Ball, location: 9LDF
2-2: Foul Ball, location: 9LMF
2-2: SINGLE (Line Drive, 8RS, EV 100.0 MPH)
William Maki scores
Batting: RHB Greg Schuler 0-0: Called Strike
0-1: Foul Ball, location: 2F
0-2: Ball
1-2: Strikes out swinging
Top of the 7th over - 3 runs, 4 hits, 0 errors, 1 left on base; Minnesota 9 - Cleveland 0
BOTTOM OF THE 7TH
Cleveland Guardians batting - Pitching for Minnesota Twins : LHP Jon Meger
Now at 3B: Rogelio Rivera
Batting: LHB Jonathan Setzler 0-0: Foul Ball, location: 3F
0-1: Foul Ball, location: 9LDF
0-2: Strikes out swinging
Batting: RHB Jimmy Murphey 0-0: Ball
1-0: Fly out, F7 (Line Drive, 78D, EV 98.8 MPH)
Batting: RHB Ciro Visconti 0-0: DOUBLE (Line Drive, 8RXD, EV 103.1 MPH)
Batting: RHB Bill Meller 0-0: Foul Ball, location: 2F
0-1: Ball
1-1: Called Strike
1-2: Ball
2-2: Ball
3-2: Foul Ball, location: 9LDF
3-2: SINGLE (Groundball, 56D, EV 103.8 MPH)
Ciro Visconti to third
Runner from 3rd tries for Home, SAFE, throw by LF to home
Batting: RHB Chris Goacher 0-0: Ball
1-0: Fly out, F7 (Line Drive, 7, EV 86.3 MPH)
Bottom of the 7th over - 1 run, 2 hits, 0 errors, 1 left on base; Minnesota 9 - Cleveland 1
TOP OF THE 8TH
Minnesota Twins batting - Pitching for Cleveland Guardians : LHP Art Tesar
Batting: LHB Chris Armstrong 0-0: Ball
1-0: Foul Ball, location: 3FF
1-1: Ground out 4-3 (Groundball, 4S, EV 62.5 MPH)
Batting: RHB Jim Bartle 0-0: Ball
1-0: Ground out 5-3 (Groundball, 56, EV 80.6 MPH)
Pinch Hitting: LHB Jay Molteni 0-0: Ball
1-0: Called Strike
1-1: Foul Ball, location: 2F
1-2: Strikes out looking
Top of the 8th over - 0 runs, 0 hits, 0 errors, 0 left on base; Minnesota 9 - Cleveland 1
BOTTOM OF THE 8TH
Cleveland Guardians batting - Pitching for Minnesota Twins : LHP Jon Meger
Now at 1B: Jay Molteni
Batting: RHB Jesse Hansen 0-0: Ball
1-0: Called Strike
1-1: Ground out 6-3 (Groundball, 6, EV 86.9 MPH)
Batting: RHB Chase Calhoun 0-0: Ball
1-0: Foul Ball, location: 7LSF
1-1: Fly out, F9 (Flyball, 9D, EV 93.1 MPH)
Batting: LHB Matt Cleary 0-0: Called Strike
0-1: Called Strike
0-2: Ball
1-2: Ground out 2-3 (Groundball, 15S, EV 84.4 MPH)
Bottom of the 8th over - 0 runs, 0 hits, 0 errors, 0 left on base; Minnesota 9 - Cleveland 1
TOP OF THE 9TH
Minnesota Twins batting - Pitching for Cleveland Guardians : LHP Art Tesar
Batting: SHB Jim Whitlock 0-0: Ball
1-0: Ground out 6-3 (Groundball, 6M, EV 97.5 MPH)
Batting: SHB William Maki 0-0: Foul Ball, location: 5FF
0-1: Ball
1-1: Ball
2-1: Fly out, F9 (Flyball, 9LM, EV 91.3 MPH)
Batting: RHB Bill Widby 0-0: Swinging Strike
0-1: Called Strike
0-2: Ball
1-2: SOLO HOME RUN (Flyball, 7D, EV 108.8 MPH), Distance : 403 ft
Batting: RHB Rogelio Rivera 0-0: Called Strike
0-1: Ball
1-1: Called Strike
1-2: Foul Ball, location: 23F
1-2: SINGLE (Groundball, 6MD, EV 97.5 MPH)
Batting: RHB Joe Looby 0-0: Ball
1-0: Foul Ball, location: 5F
1-1: Fielders Choice at 2nd, 6-4 (Groundball, 6, EV 89.4 MPH)
Top of the 9th over - 1 run, 2 hits, 0 errors, 1 left on base; Minnesota 10 - Cleveland 1
BOTTOM OF THE 9TH
Cleveland Guardians batting - Pitching for Minnesota Twins : LHP Jon Meger
Pitching: RHP Ryan Sassi
Batting: RHB Barry Nicholson 0-0: Foul Ball, location: 9LSF
0-1: Ball
1-1: SOLO HOME RUN (Flyball, 7D, EV 101.3 MPH), Distance : 382 ft
Batting: LHB Jonathan Setzler 0-0: Ball
1-0: Called Strike
1-1: Ball
2-1: Ball
3-1: SINGLE (Groundball, 6MD, EV 108.8 MPH)
Pinch Hitting: LHB Dallas Ostrove 0-0: Called Strike
0-1: SINGLE (Line Drive, 7S, EV 102.5 MPH)
Jonathan Setzler to second
Batting: RHB Ciro Visconti 0-0: SINGLE (Groundball, 6MD, EV 100.0 MPH)
Jonathan Setzler to third
Dallas Ostrove to second
Pinch Hitting: SHB Jose Agramonte 0-0: Called Strike
0-1: Ball
1-1: Ball
2-1: Foul Ball, location: 2F
2-2: Foul Ball, location: 2F
2-2: Fly out, F9 (Flyball, 9LM, EV 93.8 MPH)
Runner from 3rd tags up, SCORES, no throw by RF
Pitching: LHP Nick Frye
Batting: RHB Chris Goacher 0-0: Fielders Choice at 2nd, 5-4 (Groundball, 56, EV 101.9 MPH)
Dallas Ostrove to third
Batting: RHB Jesse Hansen 0-0: Called Strike
0-1: Ball
1-1: Called Strike
1-2: Ball
2-2: Ball
3-2: Strikes out swinging
Bottom of the 9th over - 2 runs, 4 hits, 0 errors, 2 left on base; Minnesota 10 - Cleveland 3
Tuesday, April 2nd , 2024 - OOTP Baseball 24.11 Build 85